 Dungeon Crawl Stone Soup version 0.30.1-11-g7821555f0a (webtiles) character file.

Game seed: 3233742128155552111

3172 Wiggles the Cleaver (level 9, -2/81 HPs)
             Began as a Minotaur Berserker on Nov 27, 2023.
             Was an Elder of Trog.
             Slain by an orc
             ... wielding a +0 halberd
              (4 damage)
             ... in a bailey.
             The game lasted 00:13:35 (5636 turns).

Wiggles the Cleaver (Minotaur Berserker)            Turns: 5636, Time: 00:13:36

Health: -2/81      AC: 18    Str: 34    XL:     9   Next: 63%
Magic:  8/8        EV: 11    Int:  4    God:    Trog [****..]
Gold:   553        SH:  5    Dex: 10    Spells: 8/8 levels left

rFire   . . .        u - +1 war axe (flame)
rCold   . . .        (no shield)
rNeg    + + .        A - +4 chain mail of the Lich-sworn {Contam rN++ Str+3}
rPois   .            (helmet restricted)
rElec   .            q - scarf {+Inv}
rCorr   .            f - +2 pair of gloves
SInv    +            (no boots)
Will    +....        x - amulet of reflection Stlth
                     l - ring of willpower
HPRegen 0.33/turn    c - ring "Xuhuar" {Fly Str+5 SInv}
MPRegen 0.11/turn

%: reflection
@: on berserk cooldown, flying, slowed, very slow
A: horns 2, retaliatory headbutt
a: Renounce Religion, Evoke Invisibility, Berserk, Trog's Hand, Brothers in Arms


You were in a bailey.
You worshipped Trog.
Trog was greatly pleased with you.
You visited 1 branch of the dungeon, and saw 7 of its levels.
You also visited: Sewer and Bailey.

You collected 626 gold pieces.
You spent 73 gold pieces at shops.

Inventory:

Hand Weapons
 u - a +1 war axe of flaming (weapon)
Missiles
 y - 2 throwing nets (quivered)
Armour
 f - a +2 pair of gloves (worn)
 q - a scarf of invisibility (worn)
 A - the +4 chain mail of the Lich-sworn (worn) {Contam rN++ Str+3}
   (You found it on level 6 of the Dungeon)

   Str:       It affects your strength (+3).
   rN:        It greatly protects you from negative energy.
   Contam:    It causes magical contamination when unequipped.
Jewellery
 c - the ring "Xuhuar" (right hand) {Fly Str+5 SInv}
   (You acquired it on level 6 of the Dungeon)

   [ring of flight]

   Str:       It affects your strength (+5).
   SInv:      It lets you see invisible.
   Fly:       It grants you flight.
 l - a ring of willpower (left hand)
 o - a ring of see invisible
 x - an amulet of reflection (around neck)
 z - a +6 ring of intelligence
 C - a ring of positive energy
 D - an amulet of guardian spirit
Wands
 g - a wand of polymorph (7)
Scrolls
 a - a scroll of fear
 e - a scroll of vulnerability
 j - a scroll of enchant armour
 n - 4 scrolls of teleportation
 r - a scroll of blinking
 E - a scroll of summoning {unknown}
 F - a scroll of identify
Potions
 b - a potion of brilliance
 d - 5 potions of curing
 h - 2 potions of heal wounds
 i - 3 potions of lignification
 k - a potion of degeneration
 m - 3 potions of might
 p - a potion of magic
 t - 3 potions of invisibility
 v - a potion of cancellation
 w - 2 potions of flight {unknown}
 B - a potion of mutation {unknown}
Miscellaneous
 s - a lightning rod (4/4)


   Skills:
 + Level 8.1 Fighting
 + Level 11.3 Axes
 + Level 7.7 Armour
 + Level 5.1 Dodging
 + Level 1.4 Stealth
 + Level 2.8 Shields


You had 8 spell levels left.
You didn't know any spells.
Your spell library was empty.

Dungeon Overview and Level Annotations

Branches:
Dungeon (7/15)             Temple (0/1) D:4           Sewer (visited)
 Bailey (1/1)

Altars:
Elyvilon
Hepliaklqana
Sif Muna
Wu Jian
Zin

Shops:
D:5 =(:=(   D:7 (

Annotations:
D:7 4 runed translucent doors


Innate Abilities, Weirdness & Mutations

You have a pair of horns on your head.
You reflexively headbutt those who attack you in melee.


Message History

The orc warrior hits you but does no damage.
The centaur hits you with a +0 trident. The centaur barely misses you.
The orc hits you but does no damage. The centaur misses you.
You hit the centaur. You burn the centaur.
The centaur is severely wounded.
You hit the orc but do no damage. You block the centaur's attack.
The centaur kicks you but does no damage.
You block the centaur's attack. The orc warrior barely misses you.
The orc closely misses you.
The centaur hits you but does no damage.
The centaur kicks you but does no damage.
The centaur barely misses you. The orc closely misses you.
You block the orc's attack. The orc warrior barely misses you.
You barely miss the centaur. You headbutt the centaur!
The centaur is almost dead.
You hit the orc but do no damage. You block the centaur's attack.
The centaur barely misses you. You block the centaur's attack.
The centaur hits you with a +0 trident.
The centaur kicks you but does no damage.
The orc hits you but does no damage.
The orc warrior hits you from afar with a +0 spear!
* * * LOW HITPOINT WARNING * * *
The orc hits you but does no damage.
The centaur hits you from afar with a +0 halberd!
* * * LOW HITPOINT WARNING * * *
You slash the centaur! You burn the centaur.
You kill the centaur!
Trog accepts your kill.
You hit the orc. You burn the orc.
The centaur throws a javelin.
The javelin pierces through you but does no damage.
The orc hits you but does no damage. The orc closely misses you.
The orc warrior hits you from afar with a +0 spear!
* * * LOW HITPOINT WARNING * * *
The centaur throws a javelin.
The javelin closely misses you.
Your Dodging skill increases to level 5!
The centaur closely misses you.
The centaur kicks you but does no damage.
The orc hits you but does no damage.
The orc hits you from afar with a +0 halberd.
You die...

≈≈≈≈≈≈≈≈≈## ..........##
##≈≈≈≈≈≈≈≈≈≈
....)......###≈≈≈≈≈≈≈≈...
####⌠.......#≈≈≈≈≈≈≈..≈≈≈≈
...#####....#≈≈≈≈≈..≈≈≈...
≈≈≈....##...#≈≈≈≈.≈≈≈.....
..≈≈≈.⌠.#...#≈≈≈≈o≈.......
≈≈..≈≈..#...#≈≈≈o≈≈.⌠.....
.≈≈≈.≈≈.#)..#≈≈≈@≈........
≈..≈≈.≈.##).#≈≈c≈≈....≈≈≈≈
≈≈≈.≈.≈≈.#.)#####o..≈≈≈~~~
..≈.≈≈.≈.#..'..)).)≈≈≈~≈≈≈
..≈....≈.#..')))...≈≈≈~~|?
..≈.≈≈.≈.#..'......≈≈≈~≈≈≈
≈≈≈.≈.≈≈.#..#####...≈≈≈~~~
≈..≈≈.≈.##..# ≈≈....≈≈≈≈
.≈≈≈.≈≈.#⌠..# o≈........


You could see an orc warrior, a centaur and 2 orcs.

Vanquished Creatures
  Maggie (D:7)
  A steam dragon (D:7)
  A vampire mosquito (D:7)
  Menkaure (D:4)
  7 orc warriors (Bailey)
  Pargi (Sewer)
  3 centaurs (Bailey)
  2 phantoms
  A bullfrog (D:6)
  2 gnoll sergeants (D:7)
  4 scorpions
  A wight (D:7)
  A howler monkey (D:4)
  2 jellies (D:6)
  5 hounds
  5 orc priests
  2 iguanas (D:6)
  A sleepcap (D:7)
  Terence (D:2)
  3 orc wizards
  9 gnolls (D:7)
  9 adders
  A shadow imp (D:7)
  2 white imps
  A worm (D:2)
  2 dart slugs
  38 orcs
  9 ball pythons
  3 bats
  6 endoplasms
  3 giant cockroaches
  11 goblins
  6 hobgoblins
  14 jackals
  5 quokkas (D:4)
  2 frilled lizards
  6 kobolds
  A rat (D:3)
173 creatures vanquished.

Vanquished Creatures (others)
  A hound (D:7)
1 creature vanquished.

Grand Total: 174 creatures vanquished

Notes
Turn   | Place    | Note
-------+----------+-------------------------------------------
     0 | D:1      | Wiggles the Minotaur Berserker began the quest for the Orb.
     0 | D:1      | Reached XP level 1. HP: 19/19 MP: 0/0
   296 | D:1      | Reached skill level 4 in Axes
   296 | D:1      | Reached XP level 2. HP: 27/27 MP: 1/1
   936 | D:2      | Reached XP level 3. HP: 33/33 MP: 2/2
   950 | D:2      | Noticed Terence
   957 | D:2      | Killed Terence
  1038 | D:2      | Reached XP level 4. HP: 41/41 MP: 3/3
  1043 | D:2      | Reached ** piety under Trog
  1225 | D:2      | Found a faded altar of an unknown god.
  1271 | D:2      | Reached skill level 5 in Axes
  1593 | D:3      | Reached XP level 5. HP: 19/47 MP: 4/4
  1738 | D:3      | Found an ornate altar of the Wu Jian Council.
  2076 | D:3      | You fall into a shaft and drop 1 floor!
  2287 | D:4      | Noticed Menkaure
  2292 | D:4      | Killed Menkaure
  2293 | D:4      | Reached skill level 6 in Axes
  2293 | D:4      | Reached XP level 6. HP: 55/55 MP: 5/5
  2295 | D:4      | Reached skill level 5 in Fighting
  2351 | D:4      | Found a staircase to the Ecumenical Temple.
  2581 | D:4      | Reached *** piety under Trog
  2585 | D:4      | Found a glowing drain.
  2594 | Sewer    | Entered a sewer
  2654 | Sewer    | Noticed Pargi
  2664 | Sewer    | Killed Pargi
  2665 | Sewer    | Reached skill level 7 in Axes
  2665 | Sewer    | Reached XP level 7. HP: 61/61 MP: 6/6
  2836 | D:4      | Found a glowing silver altar of Zin.
  2966 | D:4      | Found a shimmering blue altar of Sif Muna.
  2977 | D:5      | Entered Level 5 of the Dungeon
  3017 | D:5      | Found Pirhith's Antique Weapon Emporium.
  3039 | D:5      | Reached skill level 5 in Armour
  3096 | D:5      | Found Agil's Antique Weapon Shop.
  3107 | D:5      | Bought a war axe for 73 gold pieces
  3174 | D:5      | Found Wenintie's Book Shop.
  3184 | D:5      | Reached skill level 1 in Stealth
  3295 | D:5      | Found Veqi Mio's Jewellery Shoppe.
  3305 | D:5      | Identified the +6 falchion "Ujogemez" {elec, rElec rPois}
  3430 | D:5      | Found Bigucu's Jewellery Shop.
  3697 | D:6      | Reached skill level 8 in Axes
  3990 | D:6      | Identified the +4 chain mail of the Lich-sworn {Contam rN++
                  | Str+3}
  4002 | D:6      | Reached XP level 8. HP: 70/70 MP: 7/7
  4509 | D:6      | Identified a scroll of acquirement
  4509 | D:6      | Acquired the ring "Xuhuar" {Fly Str+5 SInv}
  4783 | D:7      | Found a large runed translucent door.
  4783 | D:7      | Found a large runed translucent door.
  4802 | D:7      | Reached skill level 9 in Axes
  4809 | D:7      | Reached **** piety under Trog
  4813 | D:7      | Noticed a manticore
  4815 | D:7      | Noticed a boulder beetle
  4963 | D:7      | Found a hazy altar of Hepliaklqana.
  4965 | D:7      | Found a white marble altar of Elyvilon.
  5010 | D:7      | Found Soucvy's Antique Weapon Boutique.
  5054 | D:7      | Noticed Maggie
  5063 | D:7      | Killed Maggie
  5064 | D:7      | Reached skill level 10 in Axes
  5064 | D:7      | Reached skill level 1 in Shields
  5174 | D:7      | Found a large runed translucent door.
  5174 | D:7      | Found a large runed translucent door.
  5190 | D:7      | Reached XP level 9. HP: 72/79 MP: 8/8
  5413 | D:7      | Found a flagged portal.
  5426 | Bailey   | Entered a bailey
  5586 | Bailey   | Reached skill level 11 in Axes
  5635 | Bailey   | HP: 1/81 [orc warrior/+0 spear (10)]
  5636 | Bailey   | Reached skill level 5 in Dodging
  5636 | Bailey   | Slain by an orc

Illustrated notes

Levels and vault maps discovered:
D:1:      psy_arrival_statuary, layout_loops_ring, chequers_serial_rivers_room_a
D:2:      layout_basic, shapermc_ecumenical_altar_notcrosses,
          grunt_ministairs_15, uniq_terence
D:3:      layout_loops_ring, lemuel_doored_altar
D:4:      layout_cave_pools, zin_treasury, general_overflow_altar,
          minmay_temple_entry_sparse_star, gup_sewer_entry_bubbles,
          uniq_menkaure
D:5:      layout_basic, serial_shops, nicolae_shop_trees,
          nicolae_shop_statue_plus, nicolae_shop_statue_plus, shop, shop
D:6:      layout_cave_pools, st_stairs_11, minmay_misc_feat_room
D:7:      layout_cave_pools, xom_butterflies,
          chequers_temple_overflow_statue_of_worship, serial_shops, shop,
          enter_bailey_2, minmay_hollow_rounded_squares,
          uniq_crazy_yiuf_cottage, uniq_maggie
Bailey:   bailey_polearm_flooded_kennysheep, bailey

Skill      XL: |  1  2  3  4  5  6  7  8  9 |
---------------+----------------------------+-----
Axes           | 4 5 6 7 8 10 11 | 11.3
Fighting       | 4 5 6 7 8 |  8.1
Armour         | 3 4 5 6 7 |  7.7
Dodging        | 3 4 5 |  5.1
Stealth        | 1 |  1.4
Shields        | 1 2 |  2.8

Action                     |  1- 3 |  4- 6 |  7- 9 || total
---------------------------+-------+-------+-------++-------
  Melee: Hand axe          |    61 |   137 |    25 ||   223
         Headbutt          |     5 |    25 |    34 ||    64
         Punch             |     2 |       |     3 ||     5
         War axe           |       |       |   177 ||   177
 Invoke: Berserk           |     1 |     2 |     4 ||     7
    Use: Scroll            |       |       |    18 ||    18
 Armour: Animal skin       |     2 |       |       ||     2
         Ring mail         |    19 |     7 |       ||    26
         Chain mail        |       |    56 |   157 ||   213
  Dodge: Dodged            |    32 |    66 |   163 ||   261
  Block: Other             |       |       |    46 ||    46
